2834 views
Uploaded 2020-01-11 20:01:57
Game version 1.32.0.5
37:57 long 3on3 ladder game on (6)Monsoon_LV
Saved by BEARAND
2834 views
Uploaded 2020-01-11 20:01:57
Game version 1.32.0.5
37:57 long 3on3 ladder game on (6)Monsoon_LV


82 units @ 9.3k
/ 1.2k
249 buildings @ 16.7k
/ 9.8k



| Lesser Clarity Potion | 1 | 70 |
| Orb of Fire | 3 | 975 |
| Staff of Sanctuary | 2 | 500 |
| Boots of Speed | 1 | 250 |
| Staff of Teleportation | 1 | 150 |
| Healing Salve | 1 | 100 |
| Orb of Lightning | 3 | 1125 |
| total: | 12 | 3170g |
| Peasant | 21 | 1575 | / | 0 |
| Mortar Team | 1 | 180 | / | 70 |
| Dragonhawk Rider | 2 | 400 | / | 60 |
| total: | 24 | 2155g | / | 130w |
| Scout Tower | 82 | 2460 | / | 1640 |
| Guard Tower | 24 | 1680 | / | 1200 |
| Arcane Tower | 2 | 140 | / | 100 |
| Altar of Kings | 1 | 180 | / | 50 |
| Farm | 7 | 560 | / | 140 |
| Lumber Mill | 1 | 120 | / | 0 |
| Town Hall | 2 | 770 | / | 410 |
| Blacksmith | 1 | 140 | / | 60 |
| Arcane Vault | 1 | 130 | / | 30 |
| Gryphon Aviary | 2 | 280 | / | 300 |
| Workshop | 1 | 140 | / | 140 |
| Keep | 1 | 320 | / | 210 |
| Castle | 1 | 360 | / | 210 |
| total: | 98 | 4780g | / | 2770w |
| 0:02 | Peasant |
| 0:02 | Peasant |
| 0:06 | Altar of Kings |
| 0:21 | Farm |
| 0:23 | Peasant |
| 0:33 | Peasant |
| 0:51 | Lumber Mill |
| 1:26 | Scout Tower |
| 1:29 | Peasant |
| 1:29 | Peasant |
| 1:36 | Peasant |
| 1:46 | Scout Tower |
| 1:58 | Peasant |
| 2:00 | Peasant |
| 2:14 | Blizzard |
| 2:21 | Scout Tower |
| 2:34 | Keep |
| 2:40 | Scout Tower |
| 2:51 | Scout Tower |
| 3:27 | Scout Tower |
| 3:30 | Scout Tower |
| 3:41 | Scout Tower |
| 3:42 | Scout Tower |
| 4:22 | Guard Tower |
| 4:23 | Guard Tower |
| 4:24 | Guard Tower |
| 4:30 | Arcane Tower |
| 4:32 | Arcane Tower |
| 4:33 | Guard Tower |
| 4:34 | Guard Tower |
| 5:52 | Brilliance Aura |
| 6:04 | Town Hall |
| 6:20 | Farm |
| 7:07 | Peasant |
| 7:07 | Peasant |
| 7:17 | Boots of Speed |
| 7:19 | Staff of Teleportation |
| 7:34 | Improved Lumber Harvesting |
| 7:40 | Lesser Clarity Potion |
| 7:40 | Healing Salve |
| 7:48 | Peasant |
| 7:49 | Peasant |
| 7:49 | Peasant |
| 7:49 | Peasant |
| 7:54 | Scout Tower |
| 7:56 | Scout Tower |
| 7:59 | Scout Tower |
| 8:00 | Scout Tower |
| 8:01 | Scout Tower |
| 8:16 | Peasant |
| 8:16 | Peasant |
| 8:16 | Peasant |
| 8:18 | Farm |
| 8:20 | Farm |
| 8:20 | Farm |
| 9:04 | Scout Tower |
| 9:13 | Farm |
| 9:15 | Improved Masonry |
| 9:16 | Castle |
| 9:45 | Farm |
| 9:50 | Blacksmith |
| 9:52 | Guard Tower |
| 9:55 | Scout Tower |
| 10:18 | Guard Tower |
| 10:20 | Scout Tower |
| 10:38 | Guard Tower |
| 10:56 | Scout Tower |
| 11:09 | Orb of Lightning |
| 11:44 | Storm Bolt |
| 12:41 | Holy Light |
| 12:49 | Peasant |
| 12:49 | Peasant |
| 12:49 | Peasant |
| 12:56 | Arcane Vault |
| 13:00 | Guard Tower |
| 13:04 | Advanced Lumber Harvesting |
| 13:04 | Advanced Masonry |
| 13:32 | Blizzard |
| 15:02 | Scout Tower |
| 15:03 | Scout Tower |
| 15:04 | Scout Tower |
| 15:06 | Scout Tower |
| 15:08 | Scout Tower |
| 15:09 | Scout Tower |
| 15:17 | Orb of Lightning |
| 15:26 | Orb of Fire |
| 16:40 | Bash |
| 17:29 | Divine Shield |
| 17:52 | Guard Tower |
| 17:57 | Scout Tower |
| 17:58 | Scout Tower |
| 18:47 | Scout Tower |
| 18:49 | Scout Tower |
| 19:02 | Scout Tower |
| 19:07 | Imbued Masonry |
| 19:19 | Scout Tower |
| 19:22 | Scout Tower |
| 19:25 | Guard Tower |
| 19:45 | Scout Tower |
| 20:29 | Guard Tower |
| 20:35 | Scout Tower |
| 20:39 | Scout Tower |
| 20:53 | Orb of Fire |
| 21:07 | Gryphon Aviary |
| 21:11 | Gryphon Aviary |
| 21:16 | Scout Tower |
| 21:17 | Guard Tower |
| 21:23 | Workshop |
| 21:28 | Black Gunpowder |
| 21:28 | Studded Leather Armor |
| 21:36 | Scout Tower |
| 22:25 | Staff of Sanctuary |
| 22:31 | Flare |
| 22:45 | Orb of Lightning |
| 23:03 | Orb of Fire |
| 24:08 | Guard Tower |
| 24:16 | Scout Tower |
| 24:31 | Scout Tower |
| 24:33 | Mortar Team |
| 24:38 | Dragonhawk Rider |
| 24:38 | Dragonhawk Rider |
| 24:47 | Scout Tower |
| 24:48 | Scout Tower |
| 25:11 | Guard Tower |
| 25:13 | Scout Tower |
| 26:41 | Brilliance Aura |
| 26:48 | Scout Tower |
| 26:58 | Scout Tower |
| 26:59 | Scout Tower |
| 27:08 | Scout Tower |
| 27:10 | Scout Tower |
| 27:12 | Guard Tower |
| 27:38 | Scout Tower |
| 27:40 | Scout Tower |
| 27:41 | Scout Tower |
| 27:44 | Scout Tower |
| 27:48 | Scout Tower |
| 27:48 | Guard Tower |
| 28:52 | Guard Tower |
| 29:00 | Staff of Sanctuary |
| 29:11 | Scout Tower |
| 29:12 | Scout Tower |
| 29:14 | Scout Tower |
| 29:16 | Scout Tower |
| 29:17 | Scout Tower |
| 29:20 | Scout Tower |
| 29:22 | Scout Tower |
| 29:23 | Scout Tower |
| 29:25 | Scout Tower |
| 29:29 | Refined Gunpowder |
| 29:30 | Reinforced Leather Armor |
| 29:42 | Scout Tower |
| 29:45 | Scout Tower |
| 29:46 | Scout Tower |
| 29:47 | Scout Tower |
| 30:56 | Guard Tower |
| 31:20 | Cloud |
| 31:45 | Guard Tower |
| 31:55 | Storm Bolt |
| 31:57 | Holy Light |
| 32:56 | Scout Tower |
| 32:57 | Scout Tower |
| 32:57 | Scout Tower |
| 32:58 | Scout Tower |
| 33:00 | Scout Tower |
| 33:37 | Guard Tower |
| 33:40 | Scout Tower |
| 33:41 | Scout Tower |
| 33:42 | Scout Tower |
| 33:43 | Scout Tower |
| 33:44 | Scout Tower |
| 33:59 | Town Hall |
| 34:26 | Guard Tower |
| 34:29 | Scout Tower |
| 34:30 | Scout Tower |
| 34:31 | Scout Tower |
| 34:46 | Scout Tower |
| 34:47 | Scout Tower |
| 34:48 | Scout Tower |
| 34:56 | Scout Tower |
| 34:59 | Scout Tower |
| 35:50 | Guard Tower |
| 35:51 | Guard Tower |
| Right click | 1016 |
| Select | 487 |
| Use ability | 106 |
| Build/train/purchase | 97 |
| Select group | 29 |
| Esc | 15 |
| Misc. action | 14 |
| Assign group | 12 |
| Chat | 10 |
| Item give/drop | 3 |
| Remove unit | 1 |



| Staff of Sanctuary | 3 | 750 |
| Boots of Speed | 3 | 750 |
| Staff of Teleportation | 3 | 450 |
| Periapt of Vitality | 1 | 325 |
| Healing Salve | 3 | 300 |
| Orb of Lightning | 2 | 750 |
| total: | 15 | 3325g |
| Peasant | 12 | 900 | / | 0 |
| Priest | 2 | 270 | / | 20 |
| Dragonhawk Rider | 7 | 1400 | / | 210 |
| Gryphon Rider | 1 | 280 | / | 70 |
| Sorceress | 1 | 155 | / | 20 |
| total: | 23 | 3005g | / | 320w |
| Scout Tower | 74 | 2220 | / | 1480 |
| Arcane Tower | 7 | 490 | / | 350 |
| Guard Tower | 39 | 2730 | / | 1950 |
| Altar of Kings | 1 | 180 | / | 50 |
| Farm | 5 | 400 | / | 100 |
| Lumber Mill | 1 | 120 | / | 0 |
| Arcane Vault | 2 | 260 | / | 60 |
| Town Hall | 1 | 385 | / | 205 |
| Blacksmith | 1 | 140 | / | 60 |
| Barracks | 1 | 160 | / | 60 |
| Arcane Sanctum | 1 | 150 | / | 140 |
| Gryphon Aviary | 1 | 140 | / | 150 |
| Keep | 2 | 640 | / | 420 |
| Castle | 1 | 360 | / | 210 |
| total: | 88 | 4155g | / | 2305w |
| 0:02 | Peasant |
| 0:02 | Peasant |
| 0:07 | Altar of Kings |
| 0:20 | Farm |
| 0:24 | Peasant |
| 0:40 | Farm |
| 0:40 | Peasant |
| 0:53 | Peasant |
| 1:05 | Lumber Mill |
| 1:07 | Peasant |
| 1:30 | Scout Tower |
| 1:33 | Peasant |
| 1:42 | Scout Tower |
| 1:54 | Peasant |
| 1:54 | Peasant |
| 1:57 | Arcane Tower |
| 1:58 | Scout Tower |
| 2:07 | Blizzard |
| 2:17 | Scout Tower |
| 2:19 | Scout Tower |
| 2:21 | Peasant |
| 2:21 | Peasant |
| 2:23 | Improved Masonry |
| 2:26 | Peasant |
| 2:31 | Guard Tower |
| 2:48 | Guard Tower |
| 2:49 | Scout Tower |
| 3:23 | Guard Tower |
| 3:24 | Guard Tower |
| 4:29 | Keep |
| 4:30 | Guard Tower |
| 4:31 | Scout Tower |
| 4:31 | Scout Tower |
| 4:32 | Scout Tower |
| 4:32 | Scout Tower |
| 4:33 | Scout Tower |
| 4:33 | Scout Tower |
| 4:48 | Boots of Speed |
| 4:49 | Staff of Teleportation |
| 4:55 | Farm |
| 4:56 | Farm |
| 5:41 | Guard Tower |
| 5:43 | Scout Tower |
| 5:44 | Scout Tower |
| 5:58 | Arcane Tower |
| 5:59 | Guard Tower |
| 6:19 | Guard Tower |
| 6:44 | Brilliance Aura |
| 7:15 | Guard Tower |
| 7:16 | Scout Tower |
| 7:59 | Castle |
| 8:01 | Advanced Masonry |
| 8:01 | Improved Lumber Harvesting |
| 8:03 | Scout Tower |
| 8:04 | Scout Tower |
| 8:04 | Scout Tower |
| 8:09 | Storm Bolt |
| 8:10 | Healing Salve |
| 8:23 | Guard Tower |
| 9:00 | Arcane Tower |
| 9:00 | Guard Tower |
| 9:02 | Arcane Sanctum |
| 9:09 | Scout Tower |
| 9:09 | Scout Tower |
| 9:10 | Scout Tower |
| 9:48 | Orb of Lightning |
| 9:57 | Guard Tower |
| 9:57 | Guard Tower |
| 10:04 | Guard Tower |
| 10:09 | Arcane Vault |
| 10:12 | Town Hall |
| 10:14 | Scout Tower |
| 10:15 | Scout Tower |
| 10:16 | Scout Tower |
| 10:16 | Scout Tower |
| 10:35 | Guard Tower |
| 10:36 | Scout Tower |
| 10:36 | Scout Tower |
| 10:37 | Scout Tower |
| 10:50 | Bash |
| 10:56 | Magic Sentry |
| 10:56 | Priest |
| 11:39 | Healing Salve |
| 12:10 | Blizzard |
| 12:45 | Holy Light |
| 12:50 | Arcane Vault |
| 12:57 | Guard Tower |
| 12:58 | Guard Tower |
| 12:58 | Arcane Tower |
| 13:01 | Staff of Sanctuary |
| 13:09 | Boots of Speed |
| 13:13 | Staff of Teleportation |
| 13:35 | Healing Salve |
| 13:36 | Orb of Lightning |
| 13:56 | Guard Tower |
| 13:59 | Guard Tower |
| 14:17 | Boots of Speed |
| 14:17 | Staff of Teleportation |
| 15:21 | Imbued Masonry |
| 15:21 | Advanced Lumber Harvesting |
| 15:26 | Staff of Sanctuary |
| 15:46 | Scout Tower |
| 15:46 | Scout Tower |
| 15:47 | Scout Tower |
| 15:49 | Scout Tower |
| 15:51 | Scout Tower |
| 16:19 | Gryphon Aviary |
| 16:20 | Blacksmith |
| 16:22 | Barracks |
| 17:09 | Farm |
| 18:02 | Storm Bolt |
| 18:46 | Arcane Tower |
| 18:46 | Guard Tower |
| 18:47 | Arcane Tower |
| 18:48 | Arcane Tower |
| 18:48 | Guard Tower |
| 18:51 | Scout Tower |
| 18:51 | Scout Tower |
| 18:52 | Scout Tower |
| 18:52 | Scout Tower |
| 18:53 | Scout Tower |
| 18:54 | Scout Tower |
| 18:54 | Scout Tower |
| 18:55 | Scout Tower |
| 18:55 | Scout Tower |
| 18:56 | Scout Tower |
| 18:56 | Scout Tower |
| 18:57 | Scout Tower |
| 19:12 | Priest |
| 19:58 | Dragonhawk Rider |
| 19:59 | Dragonhawk Rider |
| 19:59 | Dragonhawk Rider |
| 20:40 | Guard Tower |
| 20:40 | Guard Tower |
| 20:42 | Animal War Training |
| 20:43 | Black Gunpowder |
| 20:44 | Studded Leather Armor |
| 21:37 | Divine Shield |
| 22:36 | Reinforced Leather Armor |
| 22:37 | Dragonhawk Rider |
| 22:37 | Dragonhawk Rider |
| 22:38 | Cloud |
| 24:14 | Scout Tower |
| 24:14 | Scout Tower |
| 24:15 | Scout Tower |
| 24:15 | Scout Tower |
| 24:16 | Scout Tower |
| 24:16 | Scout Tower |
| 24:28 | Staff of Sanctuary |
| 26:11 | Brilliance Aura |
| 27:00 | Guard Tower |
| 27:00 | Guard Tower |
| 27:00 | Guard Tower |
| 27:02 | Guard Tower |
| 27:03 | Scout Tower |
| 27:06 | Scout Tower |
| 27:20 | Refined Gunpowder |
| 27:21 | Dragonhide Armor |
| 27:44 | Guard Tower |
| 28:06 | Guard Tower |
| 28:08 | Scout Tower |
| 28:09 | Scout Tower |
| 28:09 | Scout Tower |
| 28:41 | Scout Tower |
| 28:42 | Scout Tower |
| 28:43 | Scout Tower |
| 28:43 | Scout Tower |
| 28:44 | Scout Tower |
| 28:46 | Scout Tower |
| 28:48 | Scout Tower |
| 28:48 | Scout Tower |
| 30:07 | Bash |
| 30:26 | Holy Light |
| 31:20 | Guard Tower |
| 31:22 | Guard Tower |
| 31:23 | Scout Tower |
| 31:24 | Scout Tower |
| 31:24 | Scout Tower |
| 31:25 | Scout Tower |
| 31:25 | Scout Tower |
| 31:32 | Scout Tower |
| 31:33 | Scout Tower |
| 31:33 | Scout Tower |
| 31:33 | Scout Tower |
| 31:34 | Scout Tower |
| 31:54 | Guard Tower |
| 33:16 | Brilliance Aura |
| 33:20 | Dragonhawk Rider |
| 33:21 | Dragonhawk Rider |
| 33:21 | Gryphon Rider |
| 33:23 | Sorceress |
| 33:23 | Sorceress Adept Training |
| 33:24 | Priest Adept Training |
| 34:29 | Guard Tower |
| 34:35 | Guard Tower |
| 35:01 | Periapt of Vitality |
| 35:57 | Divine Shield |
| 36:33 | Guard Tower |
| 37:34 | Storm Bolt |
| Right click | 3375 |
| Select | 915 |
| Select group | 702 |
| Build/train/purchase | 361 |
| Use ability | 201 |
| Chat | 136 |
| Minimap ping | 43 |
| Assign group | 19 |
| Misc. action | 12 |
| Item give/drop | 6 |
| Remove unit | 4 |
TIMG4STRok
(35:31) : 

| Healing Salve | 6 | 600 |
| Lesser Clarity Potion | 7 | 490 |
| Orb of Lightning | 2 | 750 |
| Tiny Great Hall | 1 | 600 |
| Scroll of Town Portal | 1 | 350 |
| Staff of Teleportation | 2 | 300 |
| Boots of Speed | 2 | 500 |
| Periapt of Vitality | 1 | 325 |
| Potion of Invisibility | 1 | 100 |
| Circlet of Nobility | 1 | 175 |
| Staff of Sanctuary | 2 | 500 |
| total: | 26 | 4690g |
| Peon | 17 | 1275 | / | 0 |
| Troll Batrider | 18 | 2880 | / | 720 |
| total: | 35 | 4155g | / | 720w |
| Watch Tower | 50 | 5500 | / | 4000 |
| Altar of Storms | 1 | 180 | / | 50 |
| Orc Burrow | 3 | 480 | / | 120 |
| Voodoo Lounge | 5 | 650 | / | 150 |
| War Mill | 1 | 205 | / | 0 |
| Great Hall | 1 | 385 | / | 185 |
| Barracks | 1 | 180 | / | 50 |
| Beastiary | 1 | 145 | / | 140 |
| Stronghold | 1 | 315 | / | 190 |
| Fortress | 1 | 325 | / | 190 |
| total: | 63 | 7725g | / | 4695w |
| 0:02 | Peon |
| 0:02 | Peon |
| 0:05 | Altar of Storms |
| 0:07 | Orc Burrow |
| 0:16 | Peon |
| 0:26 | Peon |
| 0:34 | Peon |
| 0:49 | Peon |
| 1:06 | Voodoo Lounge |
| 1:18 | War Mill |
| 1:23 | Peon |
| 1:34 | Peon |
| 1:47 | Peon |
| 1:54 | Peon |
| 2:06 | Wind Walk |
| 2:10 | Healing Salve |
| 2:10 | Healing Salve |
| 2:14 | Lesser Clarity Potion |
| 2:15 | Lesser Clarity Potion |
| 2:36 | Watch Tower |
| 2:37 | Watch Tower |
| 2:48 | Voodoo Lounge |
| 3:31 | Stronghold |
| 3:34 | Orc Burrow |
| 3:56 | Voodoo Lounge |
| 4:20 | Watch Tower |
| 4:20 | Watch Tower |
| 4:41 | Staff of Teleportation |
| 4:41 | Boots of Speed |
| 4:54 | Spiked Barricades |
| 5:01 | Voodoo Lounge |
| 5:44 | Watch Tower |
| 5:45 | Watch Tower |
| 5:54 | Fortress |
| 6:44 | Critical Strike |
| 6:56 | Watch Tower |
| 6:56 | Watch Tower |
| 7:32 | Hex |
| 7:39 | Voodoo Lounge |
| 8:04 | Great Hall |
| 8:12 | Watch Tower |
| 8:13 | Watch Tower |
| 8:40 | Orb of Lightning |
| 8:40 | Healing Salve |
| 8:46 | Lesser Clarity Potion |
| 8:52 | Watch Tower |
| 9:25 | Watch Tower |
| 9:26 | Watch Tower |
| 9:57 | Beastiary |
| 9:59 | Peon |
| 10:02 | Peon |
| 10:02 | Peon |
| 10:13 | Healing Wave |
| 10:20 | Healing Salve |
| 10:44 | Watch Tower |
| 10:44 | Watch Tower |
| 10:54 | Wind Walk |
| 11:09 | Staff of Teleportation |
| 11:09 | Boots of Speed |
| 12:14 | Orb of Lightning |
| 12:37 | Watch Tower |
| 12:44 | Watch Tower |
| 12:48 | Troll Batrider |
| 12:48 | Troll Batrider |
| 12:49 | Troll Batrider |
| 12:51 | Healing Salve |
| 14:33 | Troll Batrider |
| 14:33 | Troll Batrider |
| 14:33 | Troll Batrider |
| 14:47 | Watch Tower |
| 14:47 | Watch Tower |
| 14:50 | Peon |
| 14:50 | Peon |
| 14:51 | Peon |
| 14:51 | Peon |
| 14:53 | Orc Burrow |
| 14:55 | Steel Ranged Weapons |
| 15:21 | Healing Wave |
| 15:26 | Periapt of Vitality |
| 15:31 | Healing Wave |
| 15:54 | Potion of Invisibility |
| 15:56 | Scroll of Town Portal |
| 16:10 | Watch Tower |
| 16:11 | Watch Tower |
| 16:16 | Staff of Sanctuary |
| 16:18 | Lesser Clarity Potion |
| 16:27 | Tiny Great Hall |
| 16:29 | Lesser Clarity Potion |
| 16:31 | Healing Salve |
| 16:40 | Troll Batrider |
| 16:41 | Troll Batrider |
| 16:41 | Troll Batrider |
| 16:41 | Liquid Fire |
| 16:42 | Thorium Ranged Weapons |
| 17:53 | Watch Tower |
| 17:53 | Watch Tower |
| 18:51 | Staff of Sanctuary |
| 18:57 | Lesser Clarity Potion |
| 18:58 | Lesser Clarity Potion |
| 19:11 | Watch Tower |
| 19:12 | Watch Tower |
| 19:20 | Troll Batrider |
| 19:23 | Watch Tower |
| 19:24 | Watch Tower |
| 19:27 | Arcanite Ranged Weapons |
| 19:54 | Steel Armor |
| 19:55 | Reinforced Defenses |
| 20:20 | Critical Strike |
| 22:06 | Watch Tower |
| 22:30 | Thorium Armor |
| 22:34 | Watch Tower |
| 22:35 | Watch Tower |
| 22:36 | Watch Tower |
| 22:36 | Watch Tower |
| 22:37 | Watch Tower |
| 22:38 | Watch Tower |
| 23:13 | Watch Tower |
| 23:22 | Circlet of Nobility |
| 24:29 | Hex |
| 25:58 | Watch Tower |
| 25:59 | Watch Tower |
| 25:59 | Watch Tower |
| 26:00 | Watch Tower |
| 26:22 | Wind Walk |
| 28:06 | Watch Tower |
| 28:06 | Watch Tower |
| 28:43 | Arcanite Armor |
| 30:01 | Watch Tower |
| 30:01 | Watch Tower |
| 30:03 | Barracks |
| 30:06 | Watch Tower |
| 30:07 | Watch Tower |
| 30:07 | Watch Tower |
| 30:30 | Healing Wave |
| 30:51 | Troll Batrider |
| 31:15 | Watch Tower |
| 31:16 | Watch Tower |
| 31:17 | Watch Tower |
| 31:18 | Watch Tower |
| 31:53 | Troll Regeneration |
| 32:57 | Bladestorm |
| 34:55 | Big Bad Voodoo |
| 35:01 | Troll Batrider |
| 35:01 | Troll Batrider |
| 35:01 | Troll Batrider |
| 35:01 | Troll Batrider |
| 35:01 | Troll Batrider |
| 35:02 | Troll Batrider |
| 35:02 | Troll Batrider |
| Right click | 2788 |
| Select group | 1579 |
| Select | 251 |
| Build/train/purchase | 178 |
| Chat | 110 |
| Use ability | 100 |
| Resource trade | 64 |
| Misc. action | 55 |
| Minimap ping | 29 |
| Item give/drop | 25 |
| Assign group | 12 |
234 units @ 35.8k
/ 6.2k
74 buildings @ 11.9k
/ 5.1k


| Rod of Necromancy | 1 | 150 |
| Scroll of Town Portal | 1 | 350 |
| total: | 2 | 500g |
| Acolyte | 19 | 1425 | / | 0 |
| Ghoul | 5 | 600 | / | 0 |
| Crypt Fiend | 24 | 5160 | / | 960 |
| Meat Wagon | 4 | 920 | / | 200 |
| Abomination | 5 | 1200 | / | 350 |
| Frost Wyrm | 9 | 3465 | / | 1080 |
| Gargoyle | 8 | 1400 | / | 240 |
| Gnoll Brute | 1 | 215 | / | 20 |
| total: | 75 | 14385g | / | 2850w |
| Spirit Tower | 3 | 435 | / | 120 |
| Altar of Darkness | 1 | 180 | / | 50 |
| Ziggurat | 12 | 1800 | / | 600 |
| Graveyard | 2 | 430 | / | 0 |
| Crypt | 2 | 400 | / | 100 |
| Tomb of Relics | 1 | 130 | / | 30 |
| Slaughterhouse | 2 | 280 | / | 270 |
| Sacrificial Pit | 1 | 75 | / | 150 |
| Boneyard | 2 | 350 | / | 400 |
| Halls of the Dead | 1 | 320 | / | 210 |
| Black Citadel | 1 | 325 | / | 230 |
| total: | 23 | 3645g | / | 1600w |
| 0:05 | Acolyte |
| 0:17 | Altar of Darkness |
| 0:33 | Acolyte |
| 0:43 | Ziggurat |
| 0:46 | Acolyte |
| 0:53 | Graveyard |
| 1:15 | Crypt |
| 1:26 | Tomb of Relics |
| 2:00 | Ziggurat |
| 2:15 | Spirit Tower |
| 2:18 | Ghoul |
| 2:33 | Ghoul |
| 2:46 | Impale |
| 2:49 | Rod of Necromancy |
| 2:55 | Acolyte |
| 2:59 | Creature Attack |
| 3:31 | Crypt Fiend |
| 4:22 | Ghoul |
| 4:22 | Ghoul |
| 4:51 | Halls of the Dead |
| 4:54 | Ghoul |
| 5:08 | Creature Carapace |
| 5:33 | Gnoll Brute |
| 5:52 | Spiked Carapace |
| 6:16 | Ziggurat |
| 6:16 | Ziggurat |
| 7:28 | Crypt Fiend |
| 7:29 | Crypt Fiend |
| 7:38 | Slaughterhouse |
| 7:40 | Crypt |
| 8:20 | Crypt Fiend |
| 8:20 | Crypt Fiend |
| 8:20 | Crypt Fiend |
| 8:42 | Acolyte |
| 8:42 | Acolyte |
| 8:42 | Acolyte |
| 8:43 | Acolyte |
| 8:46 | Exhume Corpses |
| 8:47 | Meat Wagon |
| 8:50 | Web |
| 9:24 | Ziggurat |
| 9:25 | Ziggurat |
| 10:06 | Ziggurat |
| 10:11 | Crypt Fiend |
| 10:28 | Cleaving Attack |
| 10:49 | Black Citadel |
| 10:52 | Unholy Strength |
| 10:53 | Improved Creature Attack |
| 12:36 | Improved Creature Carapace |
| 12:39 | Meat Wagon |
| 12:39 | Meat Wagon |
| 12:43 | Crypt Fiend |
| 12:43 | Crypt Fiend |
| 13:45 | Slaughterhouse |
| 14:05 | Crypt Fiend |
| 14:05 | Crypt Fiend |
| 14:42 | Abomination |
| 14:43 | Disease Cloud |
| 15:03 | Acolyte |
| 15:13 | Abomination |
| 15:45 | Crypt Fiend |
| 15:47 | Unholy Armor |
| 16:42 | Ziggurat |
| 16:44 | Ziggurat |
| 17:23 | Impale |
| 17:49 | Crypt Fiend |
| 17:49 | Crypt Fiend |
| 17:51 | Abomination |
| 17:52 | Abomination |
| 18:15 | Scroll of Town Portal |
| 18:42 | Crypt Fiend |
| 18:42 | Crypt Fiend |
| 18:46 | Crypt Fiend |
| 18:47 | Abomination |
| 19:31 | Advanced Creature Attack |
| 19:32 | Improved Unholy Strength |
| 20:02 | Meat Wagon |
| 20:34 | Acolyte |
| 20:34 | Acolyte |
| 20:34 | Acolyte |
| 20:34 | Acolyte |
| 20:49 | Sacrificial Pit |
| 21:51 | Crypt Fiend |
| 21:51 | Crypt Fiend |
| 22:00 | Boneyard |
| 22:02 | Boneyard |
| 22:31 | Ziggurat |
| 22:32 | Ziggurat |
| 22:36 | Ziggurat |
| 22:47 | Improved Unholy Armor |
| 23:24 | Freezing Breath |
| 23:43 | Frost Wyrm |
| 23:58 | Howl of Terror |
| 24:31 | Frost Wyrm |
| 24:31 | Frost Wyrm |
| 24:37 | Acolyte |
| 24:38 | Acolyte |
| 25:24 | Frost Wyrm |
| 26:06 | Frost Wyrm |
| 26:52 | Frost Wyrm |
| 27:09 | Spirit Tower |
| 27:43 | Frost Wyrm |
| 27:56 | Frost Wyrm |
| 28:43 | Graveyard |
| 29:22 | Acolyte |
| 29:22 | Acolyte |
| 29:22 | Acolyte |
| 29:22 | Acolyte |
| 29:44 | Advanced Creature Carapace |
| 29:48 | Frost Wyrm |
| 30:06 | Gargoyle |
| 30:06 | Gargoyle |
| 30:08 | Gargoyle |
| 30:08 | Gargoyle |
| 30:15 | Gargoyle |
| 30:15 | Gargoyle |
| 30:15 | Gargoyle |
| 30:15 | Gargoyle |
| 31:07 | Crypt Fiend |
| 31:52 | Crypt Fiend |
| 32:39 | Crypt Fiend |
| 34:37 | Crypt Fiend |
| 34:39 | Crypt Fiend |
| Right click | 1450 |
| Select | 484 |
| Select group | 455 |
| Misc. action | 175 |
| Build/train/purchase | 121 |
| Assign group | 66 |
| Use ability | 26 |
| Remove unit | 2 |
| Minimap ping | 2 |



| Lesser Clarity Potion | 1 | 70 |
| Scroll of Regeneration | 3 | 300 |
| total: | 4 | 370g |
| Peasant | 54 | 4050 | / | 0 |
| Footman | 3 | 405 | / | 0 |
| Rifleman | 3 | 615 | / | 90 |
| Gryphon Rider | 5 | 1400 | / | 350 |
| Knight | 6 | 1470 | / | 360 |
| Priest | 2 | 270 | / | 20 |
| Dragonhawk Rider | 3 | 600 | / | 90 |
| Mud Golem | 1 | 145 | / | 10 |
| total: | 77 | 8955g | / | 920w |
| Scout Tower | 1 | 30 | / | 20 |
| Altar of Kings | 1 | 180 | / | 50 |
| Farm | 14 | 1120 | / | 280 |
| Barracks | 1 | 160 | / | 60 |
| Lumber Mill | 1 | 120 | / | 0 |
| Blacksmith | 1 | 140 | / | 60 |
| Town Hall | 3 | 1155 | / | 615 |
| Arcane Vault | 3 | 390 | / | 90 |
| Gryphon Aviary | 1 | 140 | / | 150 |
| Arcane Sanctum | 1 | 150 | / | 140 |
| Workshop | 1 | 140 | / | 140 |
| Keep | 2 | 640 | / | 420 |
| Castle | 1 | 360 | / | 210 |
| total: | 28 | 3725g | / | 1605w |
| 0:06 | Altar of Kings |
| 0:08 | Peasant |
| 0:08 | Peasant |
| 0:12 | Farm |
| 0:20 | Barracks |
| 0:34 | Peasant |
| 0:55 | Farm |
| 1:00 | Peasant |
| 1:15 | Peasant |
| 1:24 | Footman |
| 1:29 | Footman |
| 1:40 | Peasant |
| 1:50 | Footman |
| 2:02 | Peasant |
| 2:16 | Lumber Mill |
| 2:26 | Blacksmith |
| 2:32 | Summon Water Elemental |
| 2:58 | Farm |
| 2:59 | Farm |
| 3:04 | Farm |
| 3:07 | Farm |
| 3:08 | Farm |
| 3:10 | Farm |
| 3:41 | Keep |
| 3:54 | Brilliance Aura |
| 4:06 | Rifleman |
| 4:10 | Iron Forged Swords |
| 4:48 | Rifleman |
| 4:49 | Black Gunpowder |
| 4:53 | Iron Plating |
| 5:08 | Farm |
| 5:10 | Farm |
| 5:25 | Studded Leather Armor |
| 5:41 | Rifleman |
| 7:16 | Long Rifles |
| 7:18 | Refined Gunpowder |
| 7:32 | Peasant |
| 7:32 | Peasant |
| 7:36 | Summon Water Elemental |
| 7:39 | Holy Light |
| 8:04 | Mud Golem |
| 8:43 | Castle |
| 8:47 | Gryphon Aviary |
| 9:20 | Steel Plating |
| 9:33 | Improved Lumber Harvesting |
| 10:03 | Steel Forged Swords |
| 10:06 | Reinforced Leather Armor |
| 10:59 | Town Hall |
| 12:37 | Gryphon Rider |
| 12:37 | Gryphon Rider |
| 12:38 | Gryphon Rider |
| 12:38 | Gryphon Rider |
| 12:38 | Gryphon Rider |
| 12:41 | Knight |
| 12:42 | Knight |
| 12:42 | Knight |
| 12:47 | Knight |
| 12:51 | Arcane Sanctum |
| 13:27 | Arcane Vault |
| 13:52 | Knight |
| 13:58 | Workshop |
| 14:03 | Lesser Clarity Potion |
| 14:50 | Arcane Vault |
| 14:54 | Priest |
| 14:54 | Priest |
| 14:57 | Knight |
| 15:05 | Peasant |
| 15:05 | Peasant |
| 15:57 | Scroll of Regeneration |
| 15:57 | Scroll of Regeneration |
| 15:58 | Scroll of Regeneration |
| 16:10 | Peasant |
| 16:10 | Peasant |
| 16:10 | Peasant |
| 16:16 | Farm |
| 16:16 | Farm |
| 16:17 | Farm |
| 16:18 | Farm |
| 16:37 | Mithril Forged Swords |
| 17:05 | Dragonhawk Rider |
| 18:00 | Animal War Training |
| 18:00 | Sundering Blades |
| 18:46 | Town Hall |
| 18:59 | Storm Hammers |
| 19:18 | Priest Adept Training |
| 19:25 | Sorceress Adept Training |
| 20:47 | Peasant |
| 20:47 | Peasant |
| 20:47 | Peasant |
| 21:20 | Peasant |
| 21:20 | Peasant |
| 21:29 | Peasant |
| 22:08 | Peasant |
| 22:08 | Peasant |
| 22:22 | Scout Tower |
| 22:33 | Storm Bolt |
| 22:46 | Peasant |
| 22:47 | Peasant |
| 22:47 | Peasant |
| 23:43 | Dragonhawk Rider |
| 23:45 | Cloud |
| 23:45 | Dragonhawk Rider |
| 24:00 | Peasant |
| 24:00 | Peasant |
| 24:12 | Peasant |
| 24:12 | Peasant |
| 24:51 | Peasant |
| 24:52 | Peasant |
| 24:52 | Peasant |
| 25:07 | Peasant |
| 26:00 | Peasant |
| 26:00 | Peasant |
| 26:03 | Peasant |
| 26:14 | Peasant |
| 27:09 | Peasant |
| 27:09 | Peasant |
| 27:09 | Peasant |
| 28:41 | Peasant |
| 28:41 | Peasant |
| 28:42 | Peasant |
| 28:42 | Peasant |
| 28:42 | Peasant |
| 29:16 | Peasant |
| 29:16 | Peasant |
| 29:16 | Peasant |
| 29:17 | Peasant |
| 30:54 | Peasant |
| 30:54 | Peasant |
| 30:54 | Peasant |
| 30:55 | Peasant |
| 31:29 | Peasant |
| 33:01 | Devotion Aura |
| 33:19 | Town Hall |
| 33:28 | Keep |
| 34:18 | Arcane Vault |
| Right click | 2643 |
| Select group | 1521 |
| Select | 468 |
| Build/train/purchase | 181 |
| Assign group | 50 |
| Use ability | 31 |
| Minimap ping | 15 |
| Remove unit | 3 |


| Scroll of Town Portal | 8 | 2800 |
| Potion of Lesser Invulnerability | 1 | 150 |
| Boots of Speed | 1 | 250 |
| Ivory Tower | 2 | 80 |
| total: | 12 | 3280g |
| Wisp | 17 | 1020 | / | 0 |
| Archer | 27 | 3510 | / | 270 |
| Huntress | 11 | 2145 | / | 220 |
| Dryad | 15 | 2175 | / | 900 |
| Druid of the Claw | 6 | 1530 | / | 480 |
| Mountain Giant | 6 | 2100 | / | 600 |
| total: | 82 | 12480g | / | 2470w |
| Ancient Protector | 1 | 135 | / | 80 |
| Altar of Elders | 1 | 180 | / | 50 |
| Ancient of War | 2 | 300 | / | 120 |
| Moon Well | 11 | 1980 | / | 440 |
| Ancient of Wonders | 1 | 90 | / | 30 |
| Tree of Life | 4 | 1360 | / | 740 |
| Hunter's Hall | 1 | 210 | / | 100 |
| Ancient of Lore | 2 | 310 | / | 290 |
| Tree of Ages | 1 | 320 | / | 180 |
| Tree of Eternity | 1 | 330 | / | 200 |
| total: | 23 | 4565g | / | 1850w |
| 0:03 | Wisp |
| 0:06 | Altar of Elders |
| 0:10 | Ancient of War |
| 0:14 | Moon Well |
| 0:25 | Wisp |
| 0:44 | Wisp |
| 1:09 | Wisp |
| 1:13 | Archer |
| 1:13 | Archer |
| 1:35 | Wisp |
| 1:38 | Moon Well |
| 1:51 | Archer |
| 1:51 | Archer |
| 2:18 | Archer |
| 2:22 | Immolation |
| 2:34 | Moon Well |
| 2:39 | Ancient of Wonders |
| 2:46 | Archer |
| 2:46 | Archer |
| 3:04 | Moon Well |
| 3:07 | Wisp |
| 3:24 | Archer |
| 3:24 | Archer |
| 3:43 | Evasion |
| 3:47 | Archer |
| 4:11 | Ancient of War |
| 4:34 | Archer |
| 4:36 | Wisp |
| 4:41 | Wisp |
| 4:41 | Wisp |
| 4:52 | Moon Well |
| 5:17 | Wisp |
| 5:17 | Wisp |
| 5:19 | Archer |
| 5:19 | Archer |
| 5:22 | Archer |
| 5:23 | Archer |
| 5:34 | Archer |
| 5:34 | Archer |
| 6:00 | Archer |
| 6:00 | Archer |
| 6:20 | Immolation |
| 6:35 | Tree of Life |
| 6:58 | Hunter's Hall |
| 7:01 | Archer |
| 7:01 | Archer |
| 7:41 | Wisp |
| 7:41 | Wisp |
| 7:42 | Wisp |
| 7:45 | Archer |
| 7:45 | Archer |
| 8:16 | Huntress |
| 8:16 | Huntress |
| 8:20 | Huntress |
| 8:20 | Huntress |
| 8:55 | Wisp |
| 8:55 | Wisp |
| 9:30 | Tree of Ages |
| 10:12 | Scroll of Town Portal |
| 10:28 | Huntress |
| 10:29 | Huntress |
| 10:35 | Sentinel |
| 11:02 | Huntress |
| 11:02 | Huntress |
| 11:35 | Huntress |
| 12:17 | Ancient of Lore |
| 12:33 | Ancient of Lore |
| 12:37 | Improved Bows |
| 12:38 | Archer |
| 12:38 | Archer |
| 12:53 | Strength of the Wild |
| 13:04 | Scroll of Town Portal |
| 13:33 | Dryad |
| 13:41 | Dryad |
| 13:44 | Archer |
| 13:44 | Archer |
| 13:53 | Wisp |
| 13:56 | Dryad |
| 13:56 | Dryad |
| 14:32 | Dryad |
| 14:32 | Dryad |
| 14:32 | Dryad |
| 14:36 | Trueshot Aura |
| 14:49 | Huntress |
| 14:52 | Dryad |
| 14:52 | Dryad |
| 15:09 | Dryad |
| 15:09 | Dryad |
| 15:29 | Dryad |
| 15:29 | Dryad |
| 15:49 | Mana Burn |
| 16:12 | Scroll of Town Portal |
| 16:15 | Potion of Lesser Invulnerability |
| 16:24 | Improved Strength of the Wild |
| 17:16 | Boots of Speed |
| 17:31 | Moon Well |
| 17:34 | Moon Well |
| 17:37 | Searing Arrows |
| 17:51 | Reinforced Hides |
| 17:55 | Moon Well |
| 18:28 | Dryad |
| 18:28 | Dryad |
| 18:41 | Scroll of Town Portal |
| 18:44 | Scroll of Town Portal |
| 19:05 | Druid of the Claw Adept Training |
| 19:06 | Druid of the Claw |
| 19:19 | Huntress |
| 19:38 | Druid of the Claw |
| 19:40 | Mountain Giant |
| 20:41 | Trueshot Aura |
| 20:47 | Mountain Giant |
| 21:10 | Ivory Tower |
| 21:12 | Ivory Tower |
| 21:26 | Mountain Giant |
| 21:26 | Mountain Giant |
| 22:14 | Mountain Giant |
| 22:15 | Mountain Giant |
| 22:44 | Improved Reinforced Hides |
| 23:19 | Tree of Eternity |
| 24:34 | Ancient Protector |
| 25:53 | Druid of the Claw Master Training |
| 25:54 | Druid of the Claw |
| 25:54 | Druid of the Claw |
| 27:14 | Scroll of Town Portal |
| 27:28 | Mark of the Claw |
| 27:29 | Druid of the Claw |
| 27:29 | Druid of the Claw |
| 29:52 | Tree of Life |
| 30:02 | Tree of Life |
| 30:08 | Scroll of Town Portal |
| 31:30 | Moon Well |
| 32:08 | Tree of Life |
| 32:15 | Moon Well |
| 32:17 | Moon Well |
| 34:14 | Scroll of Town Portal |
| Right click | 1383 |
| Select | 873 |
| Build/train/purchase | 183 |
| Misc. action | 119 |
| Use ability | 40 |
| Minimap ping | 7 |
| Item give/drop | 6 |
| Remove unit | 4 |
⇛